 Dungeon Crawl Stone Soup version 0.30-a0-824-g6c64550be9 (webtiles) character file.

Game seed: 17918940499093557409

200 jimonade the Grasshopper (level 5, -1/53 HPs)
             Began as an Ogre Warper on Feb 28, 2023.
             Killed by nerve-wracking pain
             ... invoked by Grinder
              (7 damage)
             ... on level 3 of the Dungeon.
             The game lasted 00:07:19 (3372 turns).

jimonade the Grasshopper (Ogre Warper)              Turns: 3372, Time: 00:07:20

Health: -1/53      AC:  3    Str: 15    XL:     5   Next: 78%
Magic:  10/10      EV:  7    Int: 14    God:
Gold:   110        SH: 10    Dex: 10    Spells: 10/10 levels left

rFire   . . .      SeeInvis .    a - +0 mace (protect)
rCold   . . .      Faith    .    i - +0 tower shield
rNeg    . . .      Spirit   .    b - +0 robe
rPois   +          Reflect  .    (helmet restricted)
rElec   .          Harm     .    p - scarf {shadows}
rCorr   .          Rampage  .    (gloves unavailable)
Will    .....                    (boots unavailable)
Stlth   +                        (no amulet)
HPRegen 0.28/turn                r - ring of poison resistance
MPRegen 0.12/turn                (no ring)

@: no status effects
A: large, unfitting armour, tough skin 1
a: no special abilities


You were on level 3 of the Dungeon.
You visited 1 branch of the dungeon, and saw 3 of its levels.

You collected 110 gold pieces.

Inventory:

Hand Weapons
 a - a +0 mace of protection (weapon)
 q - a +0 mace
Missiles
 d - 5 boomerangs of dispersal (quivered)
 k - 29 stones
 l - 6 poisoned darts
 t - 2 boomerangs
Armour
 b - a +0 robe (worn)
 i - a +0 tower shield (worn)
 p - a scarf of shadows (worn)
Jewellery
 r - a ring of poison resistance (left hand)
Scrolls
 c - 2 scrolls of blinking
 f - 3 scrolls of poison {unknown}
 h - 4 scrolls of enchant weapon {unknown}
 j - a scroll of fog {unknown}
 s - a scroll of immolation {unknown}
 v - 3 scrolls of amnesia {unknown}
 w - a scroll of enchant armour {unknown}
 x - a scroll of acquirement {unknown}
Potions
 e - a potion of cancellation {unknown}
 g - 3 potions of curing {unknown}
 m - a potion of magic {unknown}
 n - 2 potions of heal wounds {unknown}
 o - a potion of flight {unknown}
 u - a potion of mutation {unknown}


   Skills:
 + Level 3.5 Fighting
 + Level 2.8 Maces & Flails
 + Level 1.0 Throwing
 + Level 2.8 Dodging
 + Level 0.4 Stealth
 + Level 1.2 Shields
 * Level 3.3 Spellcasting
 * Level 3.7 Translocations


You had 10 spell levels left.
You didn't know any spells.
Your spell library contained the following spells:

 Spells                   Type           Power      Damage    Failure   Level
 Blink                    Tloc           24%        N/A       50%         2
 Lesser Beckoning         Tloc           24%        N/A       50%         2
 Teleport Other           Tloc           12%        N/A       75%         3
 Portal Projectile        Hex/Tloc       14%        N/A       94%         3
 Vhi's Electric Charge    Tloc/Air       14%        N/A       94%         3
 Cigotuvi's Dreadful Rot  Necr/Pois/Air  4%         N/A       95%         2
 Manifold Assault         Tloc           12%        N/A       98%         4
 Call Canine Familiar     Summ           2%         N/A       99%         3
 Dispel Undead            Necr           2%         3d7       100%        4
 Leda's Liquefaction      Hex/Erth       1%         N/A       100%        4
 Death Channel            Necr           1%         N/A       100%        6


Dungeon Overview and Level Annotations

Branches:
Dungeon (3/15)

Altars:

Annotations:
D:3 1 runed translucent door, Crazy Yiuf, Grinder


Innate Abilities, Weirdness & Mutations

You are too large for most types of armour.
You have tough skin. (AC +1)


Message History

You hit Grinder.
Your weapon exudes an aura of protection.
Grinder is moderately wounded.
You block Grinder's attack.
You closely miss Grinder.
Grinder is moderately wounded.
Grinder hits you.
You writhe in agony.
You block Grinder's attack.
You closely miss Grinder.
Grinder is moderately wounded.
You block Grinder's attack.
You barely miss Grinder.
Grinder is moderately wounded.
Grinder hits you!
You writhe in agony.
Grinder hits you but does no damage.
You hit Grinder.
Your weapon exudes an aura of protection.
Grinder is moderately wounded.
Grinder hits you.
You writhe in agony.
You closely miss Grinder.
Grinder is moderately wounded.
Grinder hits you but does no damage. x2
You sock Grinder!
Grinder is heavily wounded.
Grinder hits you.
You writhe in agony.
Grinder gestures at you. Pain shoots through your body!
* * * LOW HITPOINT WARNING * * *
Throw: 7 boomerangs (disperse)
Press: ? - help, Q - select action, (/) - cycle Shift-Dir - straight line, f - Grinder
Aim: Grinder (heavily wounded, 52% to hit)
You throw a boomerang of dispersal.
The boomerang of dispersal closely misses Grinder.
Grinder hits you but does no damage.
Throw: 6 boomerangs (disperse)
Press: ? - help, Q - select action, (/) - cycle Shift-Dir - straight line, f/p - Grinder
Aim: Grinder (heavily wounded, 52% to hit)
You throw a boomerang of dispersal.
The boomerang of dispersal barely misses Grinder.
Grinder gestures at you. Pain shoots through your body!
You die...

#### .<..r##### ##### ....l5@..#
#...# ###.####.########.###
#.......##.# ####
########.##.##### ..##...## ..#
#......... .........######.#####
##.#.#....
.............##.....####...#.###
.............................#
.....................##.#####


You could see Grinder, a frilled lizard and a rat.

Vanquished Creatures
  Terence (D:2)
  Natasha (thrice) (D:2)
  2 adders (D:2)
  2 dart slugs (D:1)
  4 orcs
  12 endoplasms
  5 giant cockroaches
  2 goblins (D:3)
  6 hobgoblins
  3 jackals (D:2)
  4 kobolds
  5 quokkas
  4 ball pythons
  7 bats
  3 frilled lizards
  7 rats
70 creatures vanquished.

Notes
Turn   | Place    | Note
-------+----------+-------------------------------------------
     0 | D:1      | jimonade the Ogre Warper began the quest for the Orb.
     0 | D:1      | Reached XP level 1. HP: 22/22 MP: 3/3
   176 | D:1      | Reached XP level 2. HP: 15/29 MP: 5/5
   305 | D:1      | Found a faded altar of an unknown god.
   659 | D:1      | Reached XP level 3. HP: 31/36 MP: 6/6
  1447 | D:2      | Reached XP level 4. HP: 45/45 MP: 8/8
  1531 | D:2      | Noticed Natasha
  1536 | D:2      | Killed Natasha
  1810 | D:2      | Noticed Terence
  1828 | D:2      | Killed Terence
  1829 | D:2      | Reached XP level 5. HP: 13/53 MP: 9/9
  1948 | D:2      | Noticed Natasha
  1966 | D:2      | Killed Natasha
  1967 | D:2      | Reached skill level 1 in Shields
  2049 | D:2      | Noticed Natasha
  2063 | D:2      | Killed Natasha
  2417 | D:3      | Noticed Grinder
  2676 | D:3      | Paralysed by Grinder for 5 turns
  3235 | D:3      | Found a runed translucent door.
  3236 | D:3      | Noticed Crazy Yiuf
  3372 | D:3      | Killed from afar by Grinder

Illustrated notes

Levels and vault maps discovered:
D:1:      minmay_arrival_split_and_join, layout_loops_ring,
          hellmonk_ecumenical_altar_inner_sanctum, minmay_misc_feat_nine_boxes,
          dreamdust_princess_bridge, minmay_statues_item
D:2:      layout_basic, hex_medium, uniq_terence, uniq_natasha
D:3:      layout_rooms, uniq_grinder, uniq_crazy_yiuf_cottage

Skill      XL: |  1  2  3  4  5 |
---------------+----------------+-----
Translocations | 3 |  3.7
Fighting       | 3 |  3.5
Maces & Flails | 2 |  2.8
Spellcasting   | 3 |  3.3
Shields        | 1 |  1.2
Throwing       | |  1.0
Dodging        | |  2.8
Stealth        | |  0.4

Action                     |  1- 3 |  4- 6 || total
---------------------------+-------+-------++-------
  Melee: Mace              |   114 |   144 ||   258
         Punch             |     1 |       ||     1
  Throw: Boomerang         |       |     2 ||     2
   Stab: Sleeping          |     1 |     1 ||     2
 Armour: Robe              |    50 |    56 ||   106
  Dodge: Dodged            |    50 |    35 ||    85
  Block: Tower shield      |    37 |    88 ||   125

Table legend: (Time is in decaauts)
 A = Elapsed time spent in this place.
 B = Non-inter-level travel time spent in this place.
 C = Inter-level travel time spent in this place.
 D = Time resting spent in this place.
 E = Time spent auto-exploring this place.
 F = Levels seen in this place.
 G = Mean time per level.
                   A        B        C        D        E       F      G
               +--------+--------+--------+--------+--------+-----+--------+
         Total |   3529 |   3286 |    243 |    348 |   1930 |   3 | 1176.3 |
       Dungeon |   3529 |   3286 |    243 |    348 |   1930 |   3 | 1176.3 |
               +--------+--------+--------+--------+--------+-----+--------+

Top non-repeatable levels by time:
     D:2: 1619 daAuts
     D:1: 1296 daAuts
     D:3: 613 daAuts
